[Event "Karel Janecek Open 2025"]
[Site "Prague"]
[Date "2025.03.06"]
[Round "8.6"]
[White "Ghazarian, Kirk"]
[Black "Sofronie, Iulian"]
[Result "0-1"]
[Annotator "ChessBase"]
[ECO "A62"]
[WhiteElo "2493"]
[BlackElo "2380"]
[PlyCount "112"]
[EventDate "2025.02.21"]
[EventType "swiss"]
[EventCountry "CZE"]
[SourceTitle "playchess.com"]
[Source "ChessBase"]
[SourceQuality "1"]
[TimeControl "40/5400+30:1800+30"]

1. d4 Nf6 2. c4 g6 3. g3 Bg7 4. Bg2 d6 5. Nc3 O-O 6. Nf3 c5 7. d5 e6 8. O-O exd5 9. cxd5 Re8 10. Re1 Ne4 11. Nxe4 Rxe4 12. Qc2 Re8 13. e4 Nd7 14. Bf4 Nf8 15. e5 Bf5 16. Qc4 Qa5 17. Bd2 Qc7 18. exd6 Qxd6 19. Bc3 Bxc3 20. bxc3 Nd7 21. Qh4 h5 22. Nd2 b5 23. Be4 Qf6 24. Qxf6 Nxf6 25. Bxf5 gxf5 26. d6 Rxe1+ 27. Rxe1 Rd8 28. Nf1 Rxd6 29. Re5 Rd5 30. Re7 Rd1 31. Rxa7 Ne4 32. Kg2 Rb1 33. Ne3 Rb2 34. Nd5 Rxf2+ 35. Kg1 Rd2 36. Ne7+ Kg7 37. Nxf5+ Kf6 38. Ne3 Nxc3 39. Rc7 c4 40. Rc5 Re2 41. Nf1 Rxa2 42. Rxh5 Ke6 43. Rc5 Re2 44. h4 Ne4 45. Rxb5 c3 46. Rb8 Kf5 47. Rg8 Nd2 48. Rc8 Ne4 49. Rg8 Kf6 50. Rc8 c2 51. Rc6+ Kg7 52. g4 Nd2 53. Ne3 Re1+ 54. Kf2 c1=Q 55. Nf5+ Kh7 56. Rxc1 Rxc1 0-1

[Event "Karel Janecek Open 2025"]
[Site "Prague"]
[Date "2025.03.06"]
[Round "8.7"]
[White "Isik, Alparslan"]
[Black "Stinka, Jakub"]
[Result "1-0"]
[Annotator "TA"]
[ECO "C42"]
[WhiteElo "2477"]
[BlackElo "2377"]
[PlyCount "93"]
[EventDate "2025.02.21"]
[EventType "swiss"]
[EventCountry "CZE"]
[SourceTitle "playchess.com"]
[Source "ChessBase"]
[SourceQuality "1"]
[TimeControl "40/5400+30:1800+30"]

1. e4 e5 2. Nf3 Nf6 3. Nxe5 d6 4. Nd3 Nxe4 5. Qe2 Qe7 $1 6. Nf4 {[%emt 0:00:05] C42: Petroff Defence: 3 Nxe5 and unusual White 3rd moves.} Nf6 {[%emt 0:00:56] Repels Nd5} 7. d4 Qxe2+ 8. Bxe2 {[%emt 0:00:02] Successful Defense White. The position is equal.} Nc6 9. c3 d5 10. f3 h5 {[%emt 0:02:54] Not much happening anymore} 11. Bd3 Bd6 $146 (11... Ne7 12. Kf2 Bf5 13. Re1 Bxd3 14. Nxd3 Nd7 15. Bg5 f6 16. Bd2 Kf7 17. Na3 c6 {0-1 Uruci,E (2297)-Grabarczyk,M (2337) EU-ch Blitz Katowice 2022 (20)}) 12. Kf2 Ne7 13. Re1 Bd7 14. Na3 c6 {[%emt 0:06:55] Dodges Nb5} 15. h4 {[%emt 0:03:20] The position is symmetric and equal} O-O-O 16. Nc2 Bf5 17. Ne3 Bxd3 18. Nxd3 Rde8 19. g3 Nd7 20. Ng2 Nf5 21. Bf4 g6 22. Bxd6 Nxd6 (22... Rxe1 {simplifies} 23. Rxe1 Nxd6 24. Ngf4 Kd8) 23. Ngf4 Nf5 24. Rxe8+ Rxe8 25. Rh1 Nh6 26. Ng2 Nf5 27. g4 Ng7 28. Ngf4 Rh8 29. Kg2 Kc7 30. b3 Kd6 31. c4 dxc4 32. bxc4 b6 33. Nf2 Nf6 34. N4d3 Ne6 35. g5 Nd7 36. Ne4+ Kc7 37. d5 cxd5 (37... Nd4 $11 {keeps the balance.}) 38. cxd5 $16 Nec5 39. Rc1 Re8 40. Kf2 Kb8 (40... a5 $16 41. Nexc5 bxc5) 41. Ndxc5 Nxc5 (41... bxc5 {was called for.} 42. Nxc5 Nb6) 42. Nxc5 $18 bxc5 43. Rxc5 {[%emt 0:00:06] KR-KR. White is a pawn up.} Re5 44. f4 {[%emt 0:02:44] White is clearly winning.} Re4 45. Kf3 Ra4 46. d6 Rxa2 47. Ke4 {[%emt 0:00:35] Weighted Error Value: White=0.09 (flawless) /Black=0.40  Mistake:       	---       	Black=3      Inaccurate:     	White=3     	Black=5      OK:         	White=11    	Black=13     Best:        	White=2     	---} (47. Ke3 $142 Ra3+ 48. Ke4) 1-0

[Event "Karel Janecek Open 2025"]
[Site "Prague"]
[Date "2025.03.06"]
[Round "8.8"]
[White "Gloeckler, Christian"]
[Black "Urazayev, Arystanbek"]
[Result "1/2-1/2"]
[Annotator "TA"]
[ECO "C78"]
[WhiteElo "2334"]
[BlackElo "2467"]
[PlyCount "157"]
[EventDate "2025.02.21"]
[EventType "swiss"]
[EventCountry "CZE"]
[SourceTitle "playchess.com"]
[Source "ChessBase"]
[SourceQuality "1"]
[TimeControl "40/5400+30:1800+30"]

1. e4 e5 2. Nf3 Nc6 3. Bb5 a6 4. Ba4 Nf6 5. O-O Bc5 6. c3 O-O 7. d4 Ba7 8. Re1 {[%emt 0:07:45] C78: Ruy Lopez: Archangelsk and Möller Defences.} d6 $1 {[%emt 0:00:52] 8...d6 is better than 8...b5.} 9. Be3 b5 10. Bc2 Bg4 $146 (10... Ng4 11. Bg5 f6 12. Bc1 g5 13. h3 Nh6 14. a4 Nf7 15. axb5 axb5 16. Be3 Rb8 {½-½ Sripada,H (2132)-Cozianu,C (2356) Redmond PNWCC Schev 1 2023 (10.2)}) 11. dxe5 Nxe5 12. Nbd2 (12. Bxa7 $1 $11 Bxf3 13. gxf3 (13. Qd4 $2 Nh5 $19) 13... Rxa7 14. f4) 12... Bxe3 $15 13. Rxe3 Bxf3 14. Nxf3 Nc4 15. Re2 Nxb2 16. Qf1 Nc4 17. Nd4 c5 18. Nf5 g6 19. Ng3 Re8 20. f4 Na3 {[%emt 0:14:11] Excellent horsemanship.} 21. Bd1 (21. Qf3 $17) 21... c4 $19 22. Qf2 Rb8 23. e5 dxe5 24. fxe5 Nd7 25. Rd2 Qe7 $1 (25... Rxe5 26. Bg4 f5 27. Nxf5 gxf5 28. Bxf5 $11) 26. Ne4 {[%emt 0:03:58][%cal Od2d7] and Rxd7! would now be decisive} Nxe5 (26... Kg7 $1 $19 27. Nd6 Red8 28. Qxf7+ Qxf7 29. Nxf7 Kxf7 30. e6+ Kxe6 31. Bg4+ Kf6 32. Bxd7 Kg7) 27. Nf6+ $17 Kg7 28. Nxe8+ Rxe8 29. Qd4 b4 (29... a5 $17 30. Kh1 Qd7) 30. Ba4 $1 $15 bxc3 {[%emt 0:01:14][%csl Oc3] Black has a strong passed pawn} (30... Rb8 $1 $17) 31. Qxc3 $11 Nb5 32. Bxb5 axb5 33. Rd5 $1 b4 34. Qd4 f6 35. h3 (35. Rf1 $1 $15) 35... c3 {[%emt 0:00:41] Black plays on the queen side and is better} (35... Rc8 $17 36. Kh1 c3) 36. a3 {[%emt 0:00:51] [#]} Ra8 $1 $17 (36... bxa3 37. Qxc3 Ra8 38. Rd2 $14) 37. Qc5 {[%emt 0:02:11] [#]} Qxc5+ ({Black should play} 37... Kf7 $1 $17 {aiming for ...Qxc5+.} 38. Rf1 Qxc5+ 39. Rxc5 Rxa3 (39... Nd7 40. Rc7 $14) 40. Rxe5 b3) 38. Rxc5 {[%emt 0:00:01][%mdl 4096] Endgame KRR-KRN} Kh6 (38... Rxa3 39. Rxa3 bxa3 40. Rxc3 $16) 39. Rc7 Ra4 (39... Rxa3 40. Rxa3 bxa3 41. Rxc3 $16) ({Don't play} 39... bxa3 40. Rxc3 a2 41. Rc2 $14) 40. Rb1 bxa3 41. Rxc3 Nc4 42. Rbc1 Nd6 43. Ra1 Nb5 44. Rb3 Ra5 45. Ra2 f5 46. Kf2 Kg5 47. g3 Kf6 48. h4 Ke5 49. Kg2 (49. Ke3 h6 50. Kd3 g5 51. hxg5 hxg5 52. Rb1) 49... Kd5 (49... h5 {seems wilder.} 50. Rd3 Ke4 51. Rb3 Kd4) 50. Rxb5+ Rxb5 51. Rxa3 $15 {[%emt 0:00:00] KR-KR. Black is a pawn up.} Ke4 52. Ra4+ Ke5 53. Ra7 h6 54. Re7+ Kd5 55. Rd7+ Ke4 56. Re7+ Re5 57. Rh7 h5 58. Ra7 Kd5 59. Ra5+ Ke6 60. Ra6+ Kf7 61. Ra7+ Kf6 62. Ra6+ Re6 63. Rxe6+ {[%emt 0:03:25] The position is equal.} Kxe6 $11 {[%emt 0:00:05] K3P-KPP. Black is a pawn up.} 64. Kf3 Kf6 65. Kf4 Kf7 66. Kf3 Ke6 67. Kf4 Kf6 68. Kf3 g5 (68... Ke5 $5 69. Ke3 $8 Kd6 $11) 69. hxg5+ Kxg5 {[%emt 0:00:08] KPP-KP. Black is a pawn up.} 70. Kf2 Kh6 71. Kf3 Kg6 72. Kf4 Kf6 73. Kf3 Kf7 74. Kf4 Kg6 75. Kf3 Kg5 76. Kf2 Kg4 77. Kg2 h4 78. gxh4 Kxh4 {[%emt 0:00:17] ( -> ...Kg4)} 79. Kf3 {[%emt 0:00:06] And White is the lucky defender.   Weighted Error Value: White=0.14 (very precise) /Black=0.14 (very precise)   Mistake:       	White=4     	Black=5      Inaccurate:     	White=6     	Black=3      OK:         	White=29    	Black=28     Best:        	White=11    	Black=6      Strong:       	White=2     	Black=1} 1/2-1/2

[Event "Karel Janecek Open 2025"]
[Site "Prague"]
[Date "2025.03.06"]
[Round "8.9"]
[White "Zhao, Yuanhe"]
[Black "Kistrup, Nicolai"]
[Result "0-1"]
[Annotator "TA"]
[ECO "A09"]
[WhiteElo "2466"]
[BlackElo "2374"]
[PlyCount "78"]
[EventDate "2025.02.21"]
[EventType "swiss"]
[EventCountry "CZE"]
[SourceTitle "playchess.com"]
[Source "ChessBase"]
[SourceQuality "1"]
[TimeControl "40/5400+30:1800+30"]

1. Nf3 d5 2. c4 d4 3. b4 c5 4. Bb2 f6 5. bxc5 e5 6. d3 {[%emt 0:00:15] A09: Réti Opening: 1 Nf3 d5 2 c4.} Nh6 $146 ({Predecessor:} 6... Bxc5 7. g3 Bd7 8. Bg2 Bc6 9. O-O Ne7 10. Nbd2 O-O 11. Nb3 Nd7 12. Qd2 Bb6 {½-½ Benci,J (1924)-Gruca,M (2200) SVK-chT2A 2425 2024 (4.3)}) 7. g3 Na6 8. c6 {[%emt 0:02:37] Black is slightly better.} bxc6 9. Bg2 Rb8 10. Bc1 Nf5 11. O-O Be7 12. Nfd2 c5 13. Qa4+ Kf8 14. Na3 Rb4 15. Qd1 Nc7 {[%emt 0:01:29] Repels Nb5} 16. Ne4 Bd7 17. Bd2 Rb8 (17... Rb6 $1 $11 {deserves consideration.}) 18. Ba5 Qc8 $1 19. Qd2 a6 (19... Ne6 $1 $11) 20. Nc2 (20. Rab1 $16) 20... Ne6 21. Rab1 Kf7 {[%emt 0:00:44] [#]} 22. Bb6 ({White should play} 22. Na3 $1 $16) 22... h5 23. Rb2 (23. Ba5 $11 {keeps the balance.}) 23... h4 $17 24. Rfb1 hxg3 25. hxg3 Qg8 (25... Bc6 $17 {...Nd6 is the strong threat.} 26. Ne1 Qd7) 26. Qa5 $2 {[%emt 0:02:06] [#]} (26. Ne1 $1 $11 {and White has nothing to worry.}) 26... Qh7 $1 $19 27. Bxc5 $2 (27. Nxc5 Qh2+ 28. Kf1 Nxg3+ 29. fxg3 Nxc5 30. Bxc5 Rxb2 31. Rxb2 Qxg3 32. Ne1 Qf4+ 33. Nf3 (33. Kg1 $2 Qe3+ 34. Kf1 Bh3 $19)) 27... Rxb2 {[%emt 0:00:32] Black is clearly winning.} 28. Rxb2 Qh2+ 29. Kf1 Nxc5 30. Nxc5 {[%emt 0:00:10] [#]} Nxg3+ $1 31. fxg3 Bh3 32. Ke1 Qxg3+ 33. Kd1 Bxg2 34. Ne1 Rh1 35. Nb3 f5 36. Rb1 Bh4 {[%emt 0:00:23][%cal Rh1e1] A strong pair of Bishops.} 37. Kc2 {[%emt 0:01:53] Nxg2 would now be deadly.} Rxe1 38. Rxe1 Qxe1 39. Qxe5 Bf6 {[%emt 0:00:52] Weighted Error Value: White=0.68/Black=0.29 (precise)   Loses game:     	White=1     	---        Mistake:       	White=4     	Black=3      Inaccurate:     	White=2     	Black=1      OK:         	White=9     	Black=5      Best:        	White=1     	---        Strong:       	---       	Black=2      Brilliant:      	---       	Black=1} 0-1

[Event "Karel Janecek Open 2025"]
[Site "Prague"]
[Date "2025.03.06"]
[Round "8.10"]
[White "Santamaria Fernandez, Guillermo"]
[Black "Popovic, Dusan"]
[Result "1/2-1/2"]
[Annotator "TA"]
[ECO "B52"]
[WhiteElo "2225"]
[BlackElo "2494"]
[PlyCount "95"]
[EventDate "2025.02.21"]
[EventType "swiss"]
[EventCountry "CZE"]
[SourceTitle "playchess.com"]
[Source "ChessBase"]
[SourceQuality "1"]
[TimeControl "40/5400+30:1800+30"]

1. e4 c5 2. Nf3 d6 3. Bb5+ Bd7 4. Bxd7+ Qxd7 5. O-O Nc6 6. c3 Nf6 7. Re1 e6 8. d4 cxd4 9. cxd4 d5 10. e5 Ne4 11. a3 Be7 12. Nbd2 Nxd2 13. Bxd2 O-O {[%emt 0:00:12] B52: Sicilian: Moscow Variation with 3...Bd7.} 14. Rc1 Rfc8 15. h4 a5 16. h5 $146 (16. Qb3 a4 17. Qd3 f5 18. exf6 Bxf6 19. g4 Rf8 20. g5 Bd8 21. Re2 Rxf3 22. Qxf3 Nxd4 {0-1 Bernhard,J (1769)-Wahlbom,M (2229) Reykjavik op 2016 (1)}) 16... h6 17. g4 f6 18. exf6 Bxf6 19. Bf4 a4 20. Rc2 Na5 {[%emt 0:13:36] The position is equal.} 21. Rce2 Ra6 22. Be5 Nb3 23. Rc2 Rac6 24. Rxc6 bxc6 25. Qd3 {[%emt 0:02:10] Threatening Qa6.} c5 26. Bxf6 gxf6 27. Qg6+ Qg7 {[%emt 0:00:05] [#] Successful Defense Black} 28. Rxe6 Qxg6 29. hxg6 cxd4 $11 {[%emt 0:03:39][%mdl 4096] Endgame KRN-KRN} 30. Rd6 (30. Rxf6 $2 {too greedy.} d3 31. Rd6 (31. Kf1 $2 d2 $17) 31... d2 32. Nxd2 Nxd2 $19) 30... d3 {[%emt 0:05:49] Threatens to win with ...d2.} 31. Rxd5 {[%emt 0:04:54][%cal Of3h4] [#] Nh4! would now be deadly.} Rc4 32. Rxd3 Rxg4+ 33. Kf1 (33. Kh2 Rxg6 34. Rd6 Nc5 35. Nd4) 33... Kg7 (33... Rxg6 {simplifies} 34. Rd6 Kf7 35. Nd4 Nc5) 34. Nd2 Nxd2+ 35. Rxd2 Kxg6 {[%emt 0:00:04] KR-KR} 36. Rd3 h5 37. b3 h4 38. bxa4 Rxa4 39. Kg2 Kg5 40. Kh3 f5 41. Rb3 Ra8 42. Rf3 $1 Ra7 43. Rc3 Ra4 44. Rb3 Rc4 45. Rd3 Rc2 46. Kg2 Kg4 47. Rb3 f4 48. Rd3 {[%emt 0:00:00] A balanced but interesting game.   Weighted Error Value: White=0.02 (flawless) /Black=0.02 (flawless)   Inaccurate:     	White=1     	---        OK:         	White=15    	Black=12     Best:        	White=1     	Black=2      Strong:       	White=1     	---} 1/2-1/2

[Event "Karel Janecek Open 2025"]
[Site "Prague"]
[Date "2025.03.06"]
[Round "8.11"]
[White "Prokofiev, Valentyn"]
[Black "Noe, Christopher"]
[Result "1/2-1/2"]
[Annotator "TA"]
[ECO "A13"]
[WhiteElo "2420"]
[BlackElo "2511"]
[PlyCount "47"]
[EventDate "2025.02.21"]
[EventType "swiss"]
[EventCountry "CZE"]
[SourceTitle "playchess.com"]
[Source "ChessBase"]
[SourceQuality "1"]
[TimeControl "40/5400+30:1800+30"]

1. Nf3 d5 2. e3 c5 3. b3 Nf6 4. Bb2 e6 5. c4 dxc4 6. bxc4 {[%emt 0:01:10] A13: English Opening: 1...e6.} b6 7. Be2 Bb7 8. O-O Be7 9. Ne5 O-O 10. Bf3 Qc8 11. Bxb7 Qxb7 12. Qf3 $146 (12. f4 $1 $11) (12. d3 Nfd7 13. Qf3 {½-½ Kiik,K (2449)-Groszpeter,A (2495) EU-Cup 17th Panormo 2001 (3.3)}) 12... Qxf3 $15 13. gxf3 Ne8 14. f4 Nd6 15. d3 f6 16. Nf3 Nc6 17. Rd1 Rfd8 {[%emt 0:10:00][%cal Od6c4] [#] and ...Nxc4! should not be overlooked} 18. Nc3 a6 19. a4 Nb4 20. Kf1 b5 21. axb5 {[%emt 0:19:06] The position is equal.} axb5 22. Rxa8 Rxa8 23. cxb5 Rb8 24. Ke2 {[%emt 0:05:19] Weighted Error Value: White=0.10 (very precise) /Black=0.10 (very precise)   Mistake:       	White=1     	---        Inaccurate:     	White=1     	Black=2      OK:         	White=6     	Black=4      Best:        	---       	Black=1} 1/2-1/2

[Event "Karel Janecek Open 2025"]
[Site "Prague"]
[Date "2025.03.06"]
[Round "8.12"]
[White "Poetsch, Hagen"]
[Black "Eren, Ataberk"]
[Result "1/2-1/2"]
[Annotator "ChessBase"]
[ECO "C58"]
[WhiteElo "2482"]
[BlackElo "2402"]
[PlyCount "104"]
[EventDate "2025.02.21"]
[EventType "swiss"]
[EventCountry "CZE"]
[SourceTitle "playchess.com"]
[Source "ChessBase"]
[SourceQuality "1"]
[TimeControl "40/5400+30:1800+30"]

1. e4 e5 2. Nf3 Nc6 3. Bc4 Nf6 4. Ng5 d5 5. exd5 Na5 6. Bb5+ c6 7. dxc6 bxc6 8. Bd3 Nd5 9. Nf3 Bd6 10. O-O O-O 11. Re1 f5 12. Nxe5 Qf6 13. Nf3 g5 14. c4 Nf4 15. Bf1 g4 16. c5 gxf3 17. cxd6 fxg2 18. Bxg2 Nd3 19. Re3 Ba6 20. Nc3 f4 21. Qg4+ Kh8 22. Re7 Rg8 23. Ne4 Qh6 24. Qf5 Nc4 25. Qf6+ Qxf6 26. Nxf6 Rg7 27. Rxg7 Kxg7 28. Bxc6 Rd8 29. Ne8+ Kf7 30. d7 Nce5 31. Bd5+ Ke7 32. Nc7 Rxd7 33. Nxa6 Rxd5 34. b3 Ra5 35. Nc5 Kf6 36. Nxd3 Nxd3 37. f3 Re5 38. Ba3 Re2 39. Bd6 Kg5 40. Bb8 a6 41. a4 Kh4 42. b4 Kh3 43. b5 Rg2+ 44. Kf1 Kxh2 45. Ba7 axb5 46. axb5 Kg3 47. Bd4 Rxd2 48. Rb1 Kxf3 49. b6 Nb4 50. Rb3+ Nd3 51. Rb1 Nb4 52. Rb3+ Nd3 1/2-1/2

[Event "Karel Janecek Open 2025"]
[Site "Prague"]
[Date "2025.03.06"]
[Round "8.14"]
[White "Eret, Matous"]
[Black "Kraus, Tomas"]
[Result "0-1"]
[Annotator "ChessBase"]
[ECO "A12"]
[WhiteElo "2304"]
[BlackElo "2451"]
[PlyCount "102"]
[EventDate "2025.02.21"]
[EventType "swiss"]
[EventCountry "CZE"]
[SourceTitle "playchess.com"]
[Source "ChessBase"]
[SourceQuality "1"]
[TimeControl "40/5400+30:1800+30"]

1. c4 c6 2. Nf3 Nf6 3. g3 d5 4. b3 dxc4 5. bxc4 e5 6. Bg2 Bd6 7. Nc3 Na6 8. O-O O-O 9. d3 Re8 10. Bg5 h6 11. Bxf6 Qxf6 12. Ne4 Qe7 13. Nxd6 Qxd6 14. Nd2 Bg4 15. Ne4 Qe7 16. h3 Bh5 17. Qd2 Rad8 18. Qb2 f5 19. Nc3 Nc5 20. a4 e4 21. g4 fxg4 22. hxg4 Bxg4 23. Nxe4 Nxe4 24. dxe4 Qg5 25. Ra3 Rd2 26. Qxb7 Bxe2 27. Qxc6 Rf8 28. Qe6+ Kh8 29. Rg3 Qc5 30. Rb1 Bxc4 31. Qg6 Qxf2+ 32. Kh2 Rd7 33. Rc1 Bg8 34. Rf1 Qc5 35. Rf5 Qe7 36. Rxf8 Qxf8 37. Rf3 Qe7 38. Qg4 Rd4 39. Rc3 Rxa4 40. Rc8 Ra5 41. Qf4 Re5 42. Qf8 Qxf8 43. Rxf8 g6 44. Kg3 Kg7 45. Ra8 Re7 46. Kf4 g5+ 47. Ke3 h5 48. Rb8 Be6 49. Rb5 Kg6 50. e5 h4 51. Rb8 Kf5 0-1

[Event "Karel Janecek Open 2025"]
[Site "Prague"]
[Date "2025.03.06"]
[Round "8.15"]
[White "Chittka, Julius"]
[Black "Neuman, Petr"]
[Result "1/2-1/2"]
[Annotator "TA"]
[ECO "D02"]
[WhiteElo "2313"]
[BlackElo "2436"]
[PlyCount "65"]
[EventDate "2025.02.21"]
[EventType "swiss"]
[EventCountry "CZE"]
[SourceTitle "playchess.com"]
[Source "ChessBase"]
[SourceQuality "1"]
[TimeControl "40/5400+30:1800+30"]

1. d4 d5 2. Nf3 Nf6 3. Bf4 c5 4. e3 Nc6 5. Nbd2 cxd4 6. exd4 {[%emt 0:00:22] D02: 1 d4 d5 2 Nf3 sidelines, including 2...Nf6 3 g3 and 2...Nf6 3 Bf4.} a6 7. c3 Bg4 8. h3 Bxf3 9. Nxf3 e6 10. Bd3 Bd6 11. Qd2 $146 (11. Bxd6 Qxd6 12. O-O O-O 13. Qe2 Nd7 14. Rae1 Rae8 15. Ne5 Ndxe5 16. dxe5 Qc5 17. Kh1 {½-½ Kharlov,A (2510)-Romanov,E (2598) Chigorin Memorial 18th 2010 (8)}) 11... Bxf4 12. Qxf4 Qb8 13. Qe3 O-O 14. O-O Re8 15. Rfe1 b5 16. a3 Na5 17. Ne5 Nc4 18. Qe2 Nxe5 {[%emt 0:03:20] Successful Defense Black} 19. dxe5 Nd7 20. Rad1 Qc7 21. h4 Reb8 22. h5 h6 23. Bb1 a5 (23... Rc8 $11) 24. Rd4 $16 Rb6 {[%emt 0:01:32] [#]} (24... Qd8 $14) 25. Rg4 {[%emt 0:02:50] White is more active.} ({Better is} 25. Qd3 $1 $16 {[%cal Rd3h7] Qh7+ would now be deadly.} f5 26. Rxd5) 25... f5 $14 26. exf6 {[%emt 0:01:56] White attacks} Nxf6 27. Rg3 b4 28. axb4 axb4 29. cxb4 Rab8 30. b5 e5 {[%emt 0:05:38] White is slightly better.} 31. Qxe5 Qxe5 32. Rxe5 Rxb5 33. Bg6 {[%emt 0:08:12] Weighted Error Value: White=0.10 (very precise) /Black=0.13 (very precise)   Mistake:       	White=1     	Black=2      Inaccurate:     	White=1     	Black=1      OK:         	White=7     	Black=9      Best:        	---       	Black=1} 1/2-1/2

[Event "Karel Janecek Open 2025"]
[Site "Prague"]
[Date "2025.03.07"]
[Round "9.1"]
[White "Sofronie, Iulian"]
[Black "Nyzhnyk, Illya"]
[Result "1/2-1/2"]
[Annotator "TA"]
[ECO "A45"]
[WhiteElo "2380"]
[BlackElo "2569"]
[PlyCount "64"]
[EventDate "2025.02.21"]
[EventType "swiss"]
[EventCountry "CZE"]
[SourceTitle "playchess.com"]
[Source "ChessBase"]
[SourceQuality "1"]
[TimeControl "40/5400+30:1800+30"]

1. d4 Nf6 2. Bf4 b6 3. Nd2 Bb7 4. e3 g6 5. h4 d6 6. Ngf3 {[%emt 0:03:17] A45: Trompowsky Attack.} Nbd7 7. Bc4 h6 $146 ({Predecessor:} 7... e6 8. Qe2 a6 9. e4 Bg7 10. Bd3 Qe7 11. O-O-O e5 12. dxe5 dxe5 13. Be3 Ng4 {1-0 Xu,X (2608)-Wagner,D (2598) Titled Tuesday intern op 18th Jul Early blitz 2023 (4)}) 8. Qe2 {[%emt 0:01:09] The position is equal.} Bg7 9. e4 e5 10. dxe5 Nh5 11. Be3 {[%emt 0:09:07] [#] Threatens to win with g4.} dxe5 12. Ba6 Qc8 13. Bxb7 Qxb7 14. O-O-O Nhf6 15. Rhe1 Rd8 16. Nc4 O-O 17. Ncxe5 Nxe5 18. Nxe5 Qxe4 19. Rxd8 Rxd8 20. f4 Nd5 21. Bd2 Qa4 (21... Qxe2 {simplifies} 22. Rxe2 Ne7 23. g4 f6) 22. Qc4 Qxc4 23. Nxc4 h5 24. g3 Kf8 25. c3 c5 26. Kc2 Ne7 27. Ne3 Rd6 28. a4 Ke8 29. f5 Kd7 (29... gxf5 30. Nxf5 Rxd2+ 31. Kxd2 $18) 30. Nc4 Rc6 {[%emt 0:01:42] [#]} (30... Rd5 $11 {remains equal.}) 31. fxg6 {[%emt 0:00:15] White is more active.} ({Better is} 31. Bh6 $1 $16 Bxh6 32. Ne5+ Kc7 33. Nxc6 (33. Rd1 $2 Nxf5 34. Rd7+ Kc8 $19) 33... Nxc6 34. fxg6 fxg6 35. Re6) 31... Nxg6 32. Bg5 f6 {[%emt 0:05:40] Weighted Error Value: White=0.08 (flawless) /Black=0.12 (very precise)   Mistake:       	White=1     	Black=1      Inaccurate:     	White=2     	Black=3      OK:         	White=13    	Black=8      Best:        	---       	Black=2} 1/2-1/2

[Event "Karel Janecek Open 2025"]
[Site "Prague"]
[Date "2025.03.07"]
[Round "9.2"]
[White "Grigoryan, Karen H."]
[Black "Vykouk, Jan"]
[Result "1-0"]
[Annotator "TA"]
[ECO "D05"]
[WhiteElo "2554"]
[BlackElo "2478"]
[PlyCount "125"]
[EventDate "2025.02.21"]
[EventType "swiss"]
[EventCountry "CZE"]
[SourceTitle "playchess.com"]
[Source "ChessBase"]
[SourceQuality "1"]
[TimeControl "40/5400+30:1800+30"]

1. Nf3 Nf6 2. d4 e6 3. e3 d5 4. Bd3 b6 5. b3 Bb7 6. Bb2 {[%emt 0:00:10] D05: Colle System with ...e6.} c5 7. Nbd2 Nc6 8. O-O {[%emt 0:00:46] The position is equal.} Be7 {[%emt 0:00:29][%cal Bf8e7,Be7d6,Bd6f4][%mdl 32] 8...Be7 has lost popularity.} 9. a3 a5 10. c4 cxd4 11. exd4 O-O 12. Rc1 Rc8 13. Re1 Bd6 14. Nb1 Ne7 $146 (14... Bf4 15. Rc2 a4 16. b4 dxc4 17. Rxc4 Ne7 18. Rxc8 Qxc8 19. g3 Qc6 20. Be2 Bd6 {½-½ Sodomski,A (2343)-Perry,W (2268) VW-Cup12 Gr08 email 2019}) 15. Nc3 Ng6 16. Nb5 Bf4 17. Rc2 a4 18. bxa4 dxc4 19. Rxc4 Rxc4 20. Bxc4 Qa8 21. Be2 $1 Bb8 22. Bc1 Rc8 23. Bd2 Nf4 24. Bxf4 $1 Bxf4 25. Qb3 Bb8 {[%emt 0:03:21][%mdl 1024] Black has compensation.} 26. Ra1 g6 27. Ne1 Bd5 {[%emt 0:06:09] This pair of bishops is nice.} 28. Qb4 Kg7 29. Bf1 Qa5 30. g3 Ne4 31. Bg2 Rc4 (31... Qa8 $11) 32. Qxa5 $14 bxa5 33. Nd3 Nf6 (33... Rxa4 $2 34. Nb2 Bc6 35. Nxa4 $18) (33... f5 $11 {remains equal.}) 34. Nc5 Bxg2 35. Kxg2 Ne8 36. Kf3 Bd6 37. Nb7 Bc7 38. Ke3 Bb6 39. Kd3 {[%emt 0:00:18] Prevents Rc2.} Rc6 (39... Rxa4 $2 40. Nc5 Bxc5 41. dxc5 $18) 40. Rb1 Kf6 {[%emt 0:01:41] [#]} (40... g5 $16 41. f3 h5) 41. Nc5 $1 Ke7 $16 (41... Bxc5 42. Rc1 $16 (42. dxc5 Rxc5 43. Nc3 Nd6 $15)) 42. f4 h5 (42... Bxc5 43. Rc1 (43. dxc5 Rxc5 44. Nc3 Nd6 $11) 43... Nf6 44. dxc5 $18 (44. Rxc5 Kd7 $14)) 43. Ne4 {[%emt 0:02:20] White is more active.} Kd7 44. Nbc3 Nc7 (44... Nd6 $16 45. Nd2 f6) 45. Nd2 $18 Nd5 46. Nxd5 exd5 $16 {[%emt 0:00:00][%mdl 4096] Endgame KRB-KRN. White is a pawn up.} 47. Rb5 Ke6 (47... Rd6 $16 {keeps fighting.} 48. Nf3 Kc7) 48. Nb3 $18 Bc7 49. Nxa5 Bxa5 50. Rxa5 {[%emt 0:00:00] KR-KR. White is two pawns up.} Rc4 51. Ra6+ Kf5 52. Ra7 f6 53. Ra5 Kg4 54. Rxd5 Rxa4 {[%emt 0:00:03] [#]} 55. Ke4 $1 Ra6 {[%emt 0:00:54] Wards off Rd6} 56. Rb5 (56. f5 gxf5+ 57. Kd3 (57. Rxf5 $2 {perishes.} Re6+ 58. Kd5 Kxf5 $19) 57... Rxa3+ 58. Kc4 h4 $11) 56... Kh3 $2 (56... Rxa3 57. Rb6 f5+ 58. Ke5 Re3+ 59. Kd5 Kh3 60. Rxg6 Kxh2) 57. Rb2 ({Inferior is} 57. f5 g5 $11) 57... Rxa3 58. d5 Ra4+ 59. Ke3 Ra3+ $2 (59... Kg4 60. d6 Kf5) 60. Kd4 {[%emt 0:00:00] White is clearly winning.} h4 61. gxh4 Ra4+ 62. Kc5 Rxf4 63. Rb4 {[%emt 0:00:00] Weighted Error Value: White=0.11 (very precise) /Black=0.33  Mistake:       	White=1     	Black=7      Inaccurate:     	White=4     	Black=3      OK:         	White=20    	Black=23     Best:        	White=2     	Black=2      Strong:       	White=3     	---} 1-0